Map: Eastwatch LE

Players

DekA

  • Race: Protoss Protoss
  • Spawn Location: 1:00

A.I. 1 (Elite) - Winner!

  • Race: Zerg Zerg
  • Spawn Location: 7:00

VOD

Have the link to the VOD?

Description

Time

  • Played on: March 7, 2018, 10:25 a.m.
  • Length: 9:20
Show
View Real Time Build Order
Export as new Build Order

DekA Protoss 

Build Orders:  

Get SALT Encoding   

Show
View Real Time Build Order
Export as new Build Order

A.I. 1 (Elite) Zerg - Winner!

Build Orders: Pool First 

Get SALT Encoding   

  12  0:00  Drone  
  13  0:12  Overlord  
  13  0:17  Drone  
  14  0:30  Drone x2  
  16  0:42  Spawning Pool  
  15  0:44  Drone  
  15  0:49  Drone  
  17  1:13  Hatchery  
  17  1:14  Drone  
  17  1:17  Extractor  
  16  1:20  Drone  
  16  1:24  Drone  
  18  1:28  Drone  
  19  1:38  Overlord  
  19  1:49  Drone  
  19  1:51  Queen  
  22  1:59  Zergling x2  
  23  2:10  Drone  
  24  2:21  Drone  
  25  2:27  Queen  
  25  2:28  Roach Warren  
  26  2:33  Drone  
  27  2:38  Extractor  
  27  2:39  Drone  
  27  2:45  Overlord  
  27  2:50  Drone  
  28  2:53  Drone  
  28  2:56  Drone  
  30  2:59  Drone  
  30  3:01  Drone  
  32  3:06  Zergling x2  
  32  3:09  Zergling x2  
  34  3:14  Roach  
  34  3:18  Roach  
  38  3:23  Roach  
  38  3:26  Roach  
  42  3:28  Drone  
  42  3:31  Drone  
  44  3:37  Overlord  
  44  3:44  Lair  
  44  3:49  Metabolic Boost  
  44  3:54  Overlord  
  44  3:56  Drone  
  44  3:59  Drone  
  44  4:01  Drone  
  47  4:04  Zergling x2  
  47  4:06  Zergling x2  
  47  4:08  Zergling x2  
  50  4:15  Evolution Chamber, Drone  
  50  4:20  Evolution Chamber, Drone  
  50  4:23  Drone  
  51  4:25  Drone  
  51  4:27  Drone  
  51  4:29  Drone  
  54  4:41  Zerg Missile Weapons Level 1  
  54  4:45  Hydralisk Den  
  54  4:46  Zerg Ground Armor Level 1, Drone  
  54  4:49  Overlord  
  54  4:52  Roach  
  56  4:55  Roach  
  58  5:07  Drone x2, Overlord, Extractor  
  59  5:08  Drone  
  59  5:10  Drone  
  59  5:12  Drone  
  63  5:14  Drone  
  63  5:15  Drone, Hydralisk  
  63  5:19  Hydralisk  
  68  5:24  Hydralisk  
  68  5:25  Drone  
  68  5:28  Overlord  
  71  5:31  Hydralisk  
  71  5:33  Drone  
  74  5:36  Drone  
  74  5:37  Drone  
  76  5:46  Drone  
  76  5:47  Infestation Pit  
  76  5:49  Overlord  
  76  5:50  Drone  
  76  5:52  Drone  
  76  5:54  Drone  
  76  5:55  Drone  
  80  5:58  Roach  
  82  6:07  Overlord, Roach  
  84  6:14  Evolution Chamber, Drone  
  84  6:17  Ravager  
  85  6:20  Extractor  
  85  6:21  Roach  
  85  6:23  Hatchery  
  85  6:24  Drone  
  85  6:25  Infestor  
  88  6:36  Zerg Melee Weapons Level 1  
  88  6:39  Infestor, Overlord  
  90  6:43  Drone x2  
  92  6:48  Ravager  
  92  6:50  Roach  
  92  6:54  Hydralisk  
  95  6:58  Overlord  
  95  6:59  Hydralisk  
  99  7:04  Hydralisk  
  101  7:08  Hydralisk  
  103  7:17  Overlord  
  103  7:26  Infestor, Overseer, Drone, Spine Crawler  
  105  7:36  Drone x4  
  105  7:37  Drone x4  
  110  7:42  Drone x2  
  110  7:43  Infestor, Drone  
  110  7:44  Drone  
  119  7:45  Drone  
  119  7:47  Overlord, Extractor  
  119  7:48  Drone, Roach  
  122  7:54  Drone x2, Extractor  
  122  7:56  Drone  
  124  8:04  Drone  
  124  8:05  Drone  
  126  8:07  Overlord  
  126  8:15  Drone  
  126  8:16  Drone x2  
  126  8:17  Drone x2  
  126  8:18  Drone  
  132  8:20  Drone  
  132  8:25  Overlord, Spine Crawler  
  132  8:29  Queen  
  134  8:56  Overlord  
  134  9:02  Hatchery  
  135  9:04  Drone, Spore Crawler  
  135  9:05  Spore Crawler  
  135  9:06  Drone, Spine Crawler  
  135  9:07  Drone  
  139  9:13  Spine Crawler  
  139  9:17  Spore Crawler  
Tags
 
Matchup
PvZ
Opening
Pool First
Spawn Locations
Cross Positions
Add a new tag
Caveats
  • Supply blocks, unpowered buildings, or Contaminate may cause inaccurate times.
  • Supply counts are checked every 10 seconds.